 Dungeon Crawl Stone Soup version 0.29.1-1-gd02db6906a (webtiles) character file.

Game seed: 7076415584540191972

60 fireball365 the Digger (level 3, -2/26 HPs)
             Began as a Demigod Earth Elementalist on Oct 4, 2022.
             Killed by divine providence
             ... invoked by an orc priest
              (11 damage)
             ... on level 3 of the Dungeon.
             The game lasted 00:08:24 (1730 turns).

fireball365 the Digger (Demigod Earth Elementalist) Turns: 1730, Time: 00:08:28

Health: -2/26      AC:  5    Str:  8 (9)  XL:     3   Next: 57%
Magic:  0/9        EV: 10    Int: 18 (21) God:
Gold:   118        SH:  0    Dex: 11 (14) Spells: 5/6 levels left

rFire   . . .      SeeInvis .   d - +0 rapier
rCold   . . .      Faith    .   (no shield)
rNeg    . . .      Spirit   .   p - +0 ring mail
rPois   .          Reflect  .   (no helmet)
rElec   .          Harm     .   (no cloak)
rCorr   .          Rampage  .   (no gloves)
Will    .....                   (no boots)
Stlth   +.........              (no amulet)
HPRegen 0.08/turn               (no ring)
MPRegen 0.11/turn               (no ring)

@: brilliant, very slightly contaminated
A: high MP 1, forlorn, divine attributes
a: no special abilities


You were on level 3 of the Dungeon.
You visited 1 branch of the dungeon, and saw 3 of its levels.

You collected 118 gold pieces.

Inventory:

Hand Weapons
 d - a +0 rapier (weapon)
 g - a +0 short sword
 h - a +0 mace
 j - a +0 club
 r - a +0 whip
Missiles
 c - 6 poisoned darts
 e - 35 stones
 f - 4 javelins
 n - 5 curare-tipped darts
 q - 6 atropa-tipped darts
Armour
 p - a +0 ring mail (worn)
Scrolls
 a - a scroll of poison {unknown}
 i - a scroll of torment {unknown}
 m - 3 scrolls of noise {unknown}
Potions
 b - a potion of magic
 k - 2 potions of brilliance
 o - a potion of heal wounds {unknown}


   Skills:
 + Level 0.1 Short Blades
 + Level 1.9 Dodging
 + Level 2.3 Stealth
 + Level 2.4 Spellcasting
 + Level 0.8 Transmutations
 + Level 3.4 Earth Magic


You had 5 spell levels left.
You knew the following spells:

 Your Spells              Type           Power      Damage    Failure   Level
a - Sandblast             Erth           44%        2d11      13%         1

Your spell library contained the following spells:

 Spells                   Type           Power      Damage    Failure   Level
 Passwall                 Tmut/Erth      12%        N/A       32%         2
 Stone Arrow              Conj/Erth      24%        3d8       61%         3
 Blink                    Tloc           6%         N/A       63%         2
 Call Canine Familiar     Summ           3%         N/A       85%         3
 Confusing Touch          Hex            3%         N/A       85%         3
 Lesser Beckoning         Tloc           3%         N/A       85%         3
 Portal Projectile        Hex/Tloc       6%         N/A       85%         3
 Petrify                  Tmut/Erth      15%        N/A       91%         4
 Leda's Liquefaction      Hex/Erth       6%         N/A       95%         4
 Manifold Assault         Tloc           3%         N/A       100%        5
 Yara's Violent Unravell  Hex/Tmut       2%         3d3       100%        5
 Enfeeble                 Hex            1%         N/A       100%        7


Dungeon Overview and Level Annotations

Branches:
Dungeon (3/15)


Innate Abilities, Weirdness & Mutations

You have an increased reservoir of magic. (+10% MP)
You shall have no god before yourself.
Your divine heritage dramatically boosts your attributes as you level up.


Message History

Confirm with . or Enter, or press ? or * to list all spells.
Aiming: Sandblast (safe; 13% risk of failure)
Press: ? - help, Shift-Dir - straight line, f - orc, p - orc priest
Aim: an orc, wielding a +0 dagger and wearing a +0 leather armour (83% to hit)
You feel a surge of power!
The blast of sand hits the orc!!
You kill the orc!
Casting: Sandblast (safe; 13% risk of failure)
Confirm with . or Enter, or press ? or * to list all spells.
Aiming: Sandblast (safe; 13% risk of failure)
Press: ? - help, Shift-Dir - straight line, f - orc, p - orc
Aim: an orc, wielding a +0 mace and wearing a +0 leather armour (83% to hit)
You feel a surge of power!
The blast of sand hits the orc priest.
The orc priest is heavily wounded.
The orc priest misses you. The orc priest closely misses you.
Casting: Sandblast (safe; 13% risk of failure)
Confirm with . or Enter, or press ? or * to list all spells.
Aiming: Sandblast (safe; 13% risk of failure)
Press: ? - help, Shift-Dir - straight line, f/p - orc
Aim: an orc, wielding a +0 mace and wearing a +0 leather armour (83% to hit)
You feel a surge of power!
You miscast Sandblast.
Nothing appears to happen.
The orc priest hits you but does no damage.
Casting: Sandblast (safe; 13% risk of failure)
Confirm with . or Enter, or press ? or * to list all spells.
Aiming: Sandblast (safe; 13% risk of failure)
Press: ? - help, Shift-Dir - straight line, f/p - orc
Aim: an orc, wielding a +0 mace and wearing a +0 leather armour (83% to hit)
You feel a surge of power!
The blast of sand hits the orc priest but does no damage.
The orc priest is heavily wounded.
The orc priest closely misses you.
Casting: Sandblast (safe; 13% risk of failure)
Confirm with . or Enter, or press ? or * to list all spells.
Aiming: Sandblast (safe; 13% risk of failure)
Press: ? - help, Shift-Dir - straight line, f/p - orc
Aim: an orc, wielding a +0 mace and wearing a +0 leather armour (83% to hit)
You feel a surge of power!
The blast of sand hits the orc priest.
The orc priest is heavily wounded.
The orc priest mumbles some strange prayers to Beogh against you.
Beogh smites you!
You die...

.. .# .# .######
....... ##....# #
#<# .# ...
##.###.#..#
#.###..oo@....#
#......o####..#
#................
#....###.#..... .
...... .......
...... .......
###### #######


You could see an orc priest and 2 orcs.

Vanquished Creatures
  2 adders (D:2)
  An orc (D:3)
  2 endoplasms (D:2)
  2 giant cockroaches
  2 goblins
  10 hobgoblins
  3 jackals (D:1)
  A kobold (D:1)
  6 ball pythons
  A bat (D:2)
  3 frilled lizards
  3 rats (D:2)
36 creatures vanquished.

Notes
Turn   | Place    | Note
-------+----------+-------------------------------------------
     0 | D:1      | fireball365 the Demigod Earth Elementalist began the quest
                  | for the Orb.
     0 | D:1      | Reached XP level 1. HP: 14/14 MP: 5/5
   269 | D:1      | Reached skill level 3 in Earth Magic
   335 | D:1      | Reached XP level 2. HP: 20/20 MP: 4/7
  1226 | D:2      | Reached XP level 3. HP: 23/26 MP: 5/9
  1730 | D:3      | Killed from afar by an orc priest

Illustrated notes

Levels and vault maps discovered:
D:1:      matt_arrival_grand_opening, layout_loops_ring
D:2:      layout_basic, st_stairs_7, minmay_puff, uniq_crazy_yiuf_cottage
D:3:      minmay_recursive_quarters, layout_basic, serial_shops,
          nicolae_shop_behind_doors

Skill      XL: |  1  2 |
---------------+-------+-----
Earth Magic    | 3 |  3.4
Spellcasting   | 2 |  2.4
Stealth        | 2 |  2.3
Short Blades   | |  0.1
Dodging        | |  1.9
Transmutations | |  0.8

Action                   || total
-------------------------++-------
Melee: Rapier            ||    22
 Cast: Sandblast         ||    49
  Use: Potion            ||     3
Armor: Robe              ||     7
       Ring mail         ||     3
Dodge: Dodged            ||    39
